 Dungeon Crawl Stone Soup version 0.22-a0-348-gd16d139 (webtiles) character file.

65253 Amnesiac the Thrower (level 15, -1/74 HPs)
             Began as a Vine Stalker Gladiator on Apr 9, 2018.
             Was the Champion of Okawaru.
             Killed from afar by a fire dragon (13 damage)
             ... with a blast of flame
             ... while paralysed by a sphinx
             ... on level 2 of the Elven Halls.
             The game lasted 00:34:01 (13245 turns).

Amnesiac the Thrower (Vine Stalker Gladiator)      Turns: 13245, Time: 00:34:02

Health: -1/74      AC: 20    Str: 28    XL:     15   Next: 15%
Magic:  0/22       EV:  2    Int:  8    God:    Okawaru [******]
Gold:   1193       SH:  0    Dex: 19    Spells: 12/14 levels left

rFire    . . .     SeeInvis +   a - +5 quick blade
rCold    + . .     Gourm    .   M - +0 large shield
rNeg     . . .     Faith    .   K - +3 ring mail {rC+}
rPois    .         Spirit   +   G - +2 helmet {SInv}
rElec    .         Reflect  .   E - +0 cloak
rCorr    .         Harm     .   v - +1 pair of gloves
MR       +....                  c - +2 pair of boots of Hivaa {Str+2}
Stlth    ++++++++..             (no amulet)
HPRegen  1.02/turn              w - ring of Shadows {Umbra +Inv Stlth+}
MPRegen  0.18/turn              I - ring of the Devil {Str+4 Dex+2 SInv Stlth+}

@: paralysed, wreathed by umbra
A: fangs 3, regeneration 2, magic shield, antimagic bite, no potion heal 3, rot
immunity
a: Heroism, Finesse, Renounce Religion, Evoke Invisibility


You were on level 2 of the Elven Halls.
You worshipped Okawaru.
Okawaru was exalted by your worship.
You were not hungry.

You visited 4 branches of the dungeon, and saw 15 of its levels.

You collected 1816 gold pieces.
You spent 623 gold pieces at shops.

Inventory:

Hand Weapons
 a - a +5 quick blade (weapon)
 b - a +6 blowgun
Missiles
 d - a throwing net (quivered)
 o - 34 tomahawks
 p - 5 tomahawks of dispersal
 q - 9 tomahawks of returning
 s - 52 poisoned needles
 z - 2 needles of confusion
 C - 7 needles of paralysis
 O - 3 poisoned tomahawks
 Q - 12 poisoned javelins
 R - 7 javelins of returning
Armour
 c - the +2 pair of boots of Hivaa (worn) {Str+2}
   (Okawaru gifted it to you on level 2 of the Elven Halls)

   It affects your strength (+2).
 v - a +1 pair of gloves (worn)
 E - a +0 cloak (worn)
 G - a +2 helmet of see invisible (worn)
 K - a +3 ring mail of cold resistance (worn)
 M - a +0 large shield (worn)
Jewellery
 k - an uncursed ring of resist corrosion
 w - the ring of Shadows (left hand) {Umbra +Inv Stlth+}
   (You bought it in a shop on level 2 of the Orcish Mines)

   [ring of stealth]

   It lets you turn invisible.
   It makes you more stealthy.
 I - the ring of the Devil (right hand) {Str+4 Dex+2 SInv Stlth+}
   (You found it on level 8 of the Dungeon)

   [ring of see invisible]

   It affects your strength (+4).
   It affects your dexterity (+2).
   It lets you see invisible.
   It makes you more stealthy.
 N - an uncursed ring of ice
Wands
 F - a wand of enslavement (17)
 J - a wand of flame (36)
Scrolls
 i - 4 scrolls of teleportation {!r}
 n - 5 scrolls of amnesia {!r}
 x - a scroll of enchant armour {!r}
 y - 5 scrolls of remove curse {!r}
 D - a scroll of silence {!r}
 H - 2 scrolls of fog {!r}
Potions
 g - a potion of mutation {!q}
 h - a potion of flight {!q}
 j - 3 potions of curing {!q}
 l - 2 potions of lignification {!q}
 m - a potion of haste {!q}
 r - a potion of resistance {!q}
 t - a potion of cancellation {!q}
 u - 2 potions of invisibility {!q}
 B - a potion of might {!q}
 L - a potion of brilliance {!q}
Miscellaneous
 e - a lamp of fire
Comestibles
 f - 19 rations
 A - a chunk of flesh


   Skills:
 - Level 6.7 Fighting
 - Level 8.0 Short Blades
 - Level 10.0 Throwing
 - Level 9.4 Armour
 - Level 9.3 Dodging
 - Level 8.0 Stealth
 - Level 9.8 Shields
 - Level 9.0 Invocations
 + Level 4.7 Evocations


You had 12 spell levels left.
You knew the following spells:

 Your Spells              Type           Power        Failure   Level  Hunger
v - Blink                 Tloc           N/A          100%        2    ###....


Dungeon Overview and Level Annotations

Branches:
Dungeon (10/15)            Temple (1/1) D:6            Lair (0/6) D:10
    Orc (2/2) D:10            Elf (2/3) Orc:2

Altars:
Ashenzari
Cheibriados
Dithmenos
Elyvilon
Fedhas
Gozag
Hepliaklqana
Kikubaaqudgha
Makhleb
Nemelex Xobeh
Okawaru
Qazlal
Ru
Sif Muna
Trog
Uskayaw
Vehumet
Wu Jian
Xom
Yredelemnul
Zin
The Shining One
Beogh

Shops:
D:5 !   D:7 [   Orc:2 [(=?

Annotations:
D:8 Curus's ghost, novice MiFi
Elf:2 3 runed doors


Innate Abilities, Weirdness & Mutations

You have razor-sharp teeth.
You heal very quickly.
When hurt, damage is shared between your health and your magic reserves.
Your bite disrupts and absorbs the magic of your enemies.
Potions cannot restore your health.
You are immune to rotting.


Message History

* * * LOW HITPOINT WARNING * * *
You hear a deafening roar! x2; You hear a shout!
You hear a roar! x2
You hit the fire dragon.
The fire dragon is heavily wounded.
You puncture the fire dragon!
The fire dragon is heavily wounded.
The fire dragon bites you but does no damage.
You block the fire dragon's attack.
The fire dragon tramples you but does no damage.
You hit the fire dragon.
You bite the fire dragon, but do no damage.
The fire dragon is severely wounded.
You hit the fire dragon but do no damage.
You bite the fire dragon, but do no damage.
The fire dragon is severely wounded.
You hit the fire dragon.
The fire dragon is severely wounded.
You block the fire dragon's attack. x2
The fire dragon tramples you but does no damage.
You closely miss the fire dragon.
The fire dragon is severely wounded.
The sphinx casts a spell.
You resist with some effort.
You completely miss the fire dragon.
The fire dragon is severely wounded.
The fire dragon breathes flames at you. The blast of flame hits you!
* * * LOW HITPOINT WARNING * * *
You hear a roar! x2; You hear a bark!
You hear a roar! x2
You closely miss the fire dragon. You bite the fire dragon!
You drain its power.
You feel invigorated.
The fire dragon is severely wounded.
You hear a shout!
The sphinx casts a spell.
You suddenly lose the ability to move!
The fire dragon bites you but does no damage.
The fire dragon claws you but does no damage.
The fire dragon tramples you but does no damage.
The sphinx hits you.
The sphinx hits you but does no damage. x2
The fire dragon bites you.
* * * LOW HITPOINT WARNING * * *
The fire dragon claws you.
* * * LOW HITPOINT WARNING * * *
The fire dragon tramples you but does no damage.
The sphinx hits you!
* * * LOW HITPOINT WARNING * * *
The sphinx hits you but does no damage. The sphinx hits you.
* * * LOW HITPOINT WARNING * * *
The sphinx completely misses you.
The sphinx hits you but does no damage. x2
The fire dragon bites you.
* * * LOW HITPOINT WARNING * * *
The fire dragon claws you but does no damage.
The fire dragon tramples you but does no damage.
The sphinx hits you but does no damage. x2; The sphinx hits you.
* * * LOW HITPOINT WARNING * * *
The fire dragon bites you but does no damage.
The fire dragon claws you but does no damage.
The fire dragon tramples you but does no damage.
The sphinx hits you!
* * * LOW HITPOINT WARNING * * *
The sphinx hits you but does no damage. x2
The fire dragon breathes flames at you. The blast of flame hits you!
You die...

##...<.....#######.
##...)...##.......
D#
##..(..###.......
.# ###(### #..####'
.# #)# #..#.... .#
#.# #..#.).. #.
.###.# #..#....
#..####D##'###
#..'....
#...H@.'#(..#
#..#....
#..###))(...#
#..#....
#..#[.......#
#..#....
##.###..(...#
#..###..
#......##..#
#....#.. ###.!..#
### #....#.. ######
######++


You could see a fire dragon and a sphinx.

Vanquished Creatures
  2 orc warlords
  A deep elf elementalist (Elf:2)
  2 deep elf demonologists (Elf:1)
  A deep elf annihilator (Elf:1)
  An ettin (Orc:2)
  Snorg (Orc:2)
  A deep elf death mage (Elf:1)
  2 deep elf high priests (Elf:1)
  A hydra (D:8)
  An anaconda (shapeshifter) (Elf:1)
  6 two-headed ogres
  10 dancing weapons
  6 orc high priests
  Nergalle (D:10)
  7 deep elf knights (Elf:1)
  A large abomination (Elf:1)
  8 deep elf archers
  6 orc knights
  3 orc sorcerers (Orc:2)
  An oklob plant (D:10)
  27 deep elf magi
  Joseph (D:8)
  4 trolls (Orc:2)
  A raiju (shapeshifter) (Elf:1)
  4 hippogriffs
  Sigmund (D:4)
  2 air elementals
  2 water elementals (Elf:1)
  8 yaks
  A steam dragon (D:7)
  A fire elemental (Elf:1)
  Grum (D:9)
  7 wargs
  41 orc warriors
  4 phantoms
  An ice beast (D:8)
  5 sky beasts
  21 ogres
  2 necrophages
  3 wolves
  6 centaurs
  3 big kobolds
  5 bullfrogs
  An earth elemental (Elf:1)
  4 scorpions
  6 killer bees (D:8)
  7 wights
  3 howler monkeys
  6 crimson imps
  A quasit (D:9)
  A centaur skeleton (D:6)
  4 jellies
  37 orc priests
  8 hounds
  3 iron imps (D:7)
  14 orc wizards
  An iguana (D:6)
  6 worker ants
  3 hound zombies
  2 worker ant zombies
  4 gnolls
  10 adders
  2 shadow imps
  2 oozes
  2 adder zombies
  2 adder skeletons
  3 worms
  A dart slug (D:4)
  11 leopard geckos
  113 orcs
  8 bats
  3 giant cockroaches
  8 goblins
  8 hobgoblins
  A jackal (D:1)
  16 kobolds
  4 quokkas
  3 ball pythons
  5 frilled lizards
  A jackal zombie (D:8)
  7 rats
534 creatures vanquished.

Vanquished Creatures (others)
  A deep elf knight (Elf:1)
  A leopard gecko zombie (D:7)
  A plant (D:10)
3 creatures vanquished.

Grand Total: 537 creatures vanquished

Notes
Turn   | Place    | Note
-------+----------+-------------------------------------------
     0 | D:1      | Amnesiac the Vine Stalker Gladiator began the quest for the Orb.
     0 | D:1      | Reached XP level 1. HP: 11/11 MP: 2/2
   183 | D:1      | Reached XP level 2. HP: 15/15 MP: 3/3
   666 | D:2      | Found a glowing silver altar of Zin.
   710 | D:2      | Reached XP level 3. HP: 15/18 MP: 4/4
   766 | D:2      | Found an ancient bone altar of Kikubaaqudgha.
  1094 | D:2      | Found a stormy altar of Qazlal.
  1510 | D:3      | Gained mutation: Your natural rate of healing is unusually fast. [Vine Stalker growth]
  1510 | D:3      | Reached XP level 4. HP: 22/23 MP: 5/5
  1766 | D:3      | Reached skill level 5 in Short Blades
  1773 | D:3      | Reached XP level 5. HP: 8/26 MP: 4/6
  2027 | D:4      | Noticed Sigmund
  2050 | D:4      | Killed Sigmund
  2050 | D:4      | Reached XP level 6. HP: 25/30 MP: 5/7
  2191 | D:4      | Noticed a necrophage
  2213 | D:3      | Killed a necrophage
  2213 | D:3      | Reached XP level 7. HP: 24/34 MP: 6/8
  2622 | D:5      | Entered Level 5 of the Dungeon
  2632 | D:5      | Reached skill level 2 in Throwing
  2648 | D:5      | Reached skill level 3 in Throwing
  2648 | D:5      | Gained mutation: You have razor-sharp teeth. [Vine Stalker growth]
  2648 | D:5      | Reached XP level 8. HP: 19/38 MP: 9/9
  2668 | D:5      | Reached skill level 4 in Throwing
  2692 | D:5      | Found Ugemiluff's Distillery.
  2697 | D:5      | Bought a potion of curing for 39 gold pieces
  2697 | D:5      | Bought a potion of mutation for 104 gold pieces
  2941 | D:5      | Reached skill level 5 in Throwing
  3292 | D:6      | Reached skill level 6 in Throwing
  3390 | D:6      | Noticed a yak
  3390 | D:6      | Noticed a yak
  3391 | D:6      | Noticed a yak
  3392 | D:6      | Noticed a yak
  3393 | D:6      | Noticed a yak
  3399 | D:6      | Noticed a hippogriff
  3417 | D:6      | Killed a yak
  3417 | D:6      | Reached skill level 7 in Throwing
  3417 | D:6      | Reached XP level 9. HP: 28/42 MP: 10/10
  3450 | D:6      | Reached skill level 8 in Throwing
  3474 | D:6      | Reached skill level 9 in Throwing
  3709 | D:6      | Found a staircase to the Ecumenical Temple.
  3932 | Temple   | Entered the Ecumenical Temple
  4126 | Temple   | Became a worshipper of Warmaster Okawaru
  4200 | D:7      | Found Haeg's Armour Emporium.
  4242 | D:7      | Reached skill level 10 in Throwing
  4262 | D:7      | Reached skill level 1 in Armour
  4302 | D:7      | Reached XP level 10. HP: 29/46 MP: 6/11
  4352 | D:7      | Found a burning altar of Makhleb.
  4499 | D:7      | Noticed a dagger
  4499 | D:7      | Noticed a hand axe
  4557 | D:7      | Found a hide-covered altar of Uskayaw.
  4612 | D:7      | Reached * piety under Okawaru
  5105 | D:8      | Noticed a four-headed hydra
  5111 | D:8      | Killed a four-headed hydra
  5111 | D:8      | Reached ** piety under Okawaru
  5113 | D:8      | Got a slimy brass ring
  5114 | D:8      | Identified the ring of the Devil {Str+4 Dex+2 SInv Stlth+} (You found it on level 8 of the Dungeon)
  5149 | D:8      | Found a shadowy altar of Dithmenos.
  5202 | D:8      | Noticed Joseph
  5214 | D:8      | Killed Joseph
  5214 | D:8      | Reached skill level 5 in Armour
  5214 | D:8      | Reached skill level 5 in Dodging
  5271 | D:8      | Reached *** piety under Okawaru
  5398 | D:8      | Noticed a two-headed ogre
  5410 | D:8      | Killed a two-headed ogre
  5410 | D:8      | Reached XP level 11. HP: 47/53 MP: 12/12
  5472 | D:8      | Noticed Curus's ghost (novice MiFi)
  5559 | D:8      | Found a white marble altar of Elyvilon.
  5561 | D:8      | Found a blossoming altar of Fedhas.
  5564 | D:8      | Found a shimmering altar of Xom.
  6171 | D:9      | Learned a level 2 spell: Blink
  6213 | D:9      | Reached **** piety under Okawaru
  6319 | D:9      | Noticed a two-headed ogre
  6344 | D:9      | Killed a two-headed ogre
  6384 | D:9      | Reached skill level 1 in Shields
  6446 | D:9      | Found a sparkling altar of Nemelex Xobeh.
  6571 | D:9      | Noticed a two-headed ogre
  6583 | D:9      | Killed a two-headed ogre
  6583 | D:9      | Received a gift from Okawaru
  6722 | D:9      | Found a hazy altar of Hepliaklqana.
  6762 | D:10     | Entered Level 10 of the Dungeon
  6766 | D:10     | Noticed an oklob plant
  6782 | D:10     | Found a staircase to the Lair.
  6815 | D:10     | Reached ***** piety under Okawaru
  6824 | D:10     | Noticed Grum
  6968 | D:9      | Reached skill level 5 in Shields
  7007 | D:9      | Killed Grum
  7041 | D:10     | Noticed a two-headed ogre
  7048 | D:10     | Received a gift from Okawaru
  7061 | D:10     | Killed a two-headed ogre
  7097 | D:10     | Noticed Nergalle
  7124 | D:10     | Killed Nergalle
  7124 | D:10     | Received a gift from Okawaru
  7292 | D:10     | Killed an oklob plant
  7292 | D:10     | Received a gift from Okawaru
  7397 | D:10     | Found a shimmering altar of Xom.
  7435 | D:10     | Found a staircase to the Orcish Mines.
  7786 | Orc:1    | Entered Level 1 of the Orcish Mines
  7800 | Orc:1    | Gained mutation: You heal very quickly. [Vine Stalker growth]
  7800 | Orc:1    | Reached XP level 12. HP: 38/58 MP: 11/13
  7912 | Orc:1    | Noticed an orc warlord
  8059 | Orc:1    | Reached skill level 1 in Invocations
  8070 | Orc:1    | Killed an orc warlord
  8070 | Orc:1    | Received a gift from Okawaru
  8303 | Orc:2    | Entered Level 2 of the Orcish Mines
  8490 | Orc:2    | Noticed a two-headed ogre
  8509 | Orc:2    | Killed a two-headed ogre
  8509 | Orc:2    | Reached ****** piety under Okawaru
  8509 | Orc:2    | Reached skill level 5 in Invocations
  8892 | Orc:2    | Noticed an ettin
  8902 | Orc:2    | HP: 1/58 [ettin/dire flail (17)]
  9140 | Orc:2    | Killed an ettin
  9140 | Orc:2    | Received a gift from Okawaru
  9285 | Orc:2    | Found a staircase to the Elven Halls.
  9506 | Orc:2    | Reached skill level 1 in Stealth
  9508 | Orc:2    | Noticed Snorg
  9597 | Orc:2    | Killed Snorg
  9597 | Orc:2    | Received a gift from Okawaru
  9642 | Orc:2    | Found a roughly hewn altar of Beogh.
  9642 | Orc:2    | Noticed an orc warlord
  9674 | Orc:2    | Killed an orc warlord
  9674 | Orc:2    | Reached XP level 13. HP: 63/63 MP: 20/20
  9703 | Orc:2    | Found Lauwof's Weapon Shop.
 10126 | Orc:2    | Found Pootowome's Antique Armour Shoppe.
 10133 | Orc:2    | Received a gift from Okawaru
 10160 | Orc:2    | Got a jewelled scale mail {god gift}
 10174 | Orc:2    | Identified the +1 scale mail of the Desert {Str+4 Dex+2} (Okawaru gifted it to you on level 2 of the Orcish Mines)
 10288 | Orc:2    | Found a roughly hewn altar of Beogh.
 10452 | Orc:2    | Found Juguilat's Jewellery Boutique.
 10488 | Orc:2    | Bought the ring of Shadows {Umbra +Inv Stlth+} for 480 gold pieces
 10488 | Orc:2    | Found the ring of Shadows {Umbra +Inv Stlth+}
 10496 | Orc:2    | Found Yloej's Magic Scroll Shop.
 10611 | Orc:2    | Reached skill level 5 in Fighting
 10963 | Elf:1    | Entered Level 1 of the Elven Halls
 10989 | Elf:1    | Noticed a deep elf death mage
 10989 | Elf:1    | Noticed a deep elf demonologist
 11025 | Elf:1    | Killed a deep elf demonologist
 11056 | Elf:1    | Killed a deep elf death mage
 11087 | Elf:1    | Killed a ghostly deep elf death mage
 11166 | Elf:1    | Received a gift from Okawaru
 11185 | Elf:1    | Received a gift from Okawaru
 11223 | Elf:1    | Reached XP level 14. HP: 68/68 MP: 21/21
 11297 | Elf:1    | Received a gift from Okawaru
 11303 | Elf:1    | Got a crystal demon blade {god gift}
 11304 | Elf:1    | Identified the +2 demon blade of Death's Door {freeze, rPois MR+ Int-3} (Okawaru gifted it to you on level 1 of the Elven Halls)
 12031 | Elf:1    | Noticed a deep elf annihilator
 12051 | Elf:1    | Received a gift from Okawaru
 12090 | Elf:1    | Killed a deep elf annihilator
 12223 | Elf:1    | Received a gift from Okawaru
 12393 | Elf:1    | Noticed a deep elf demonologist
 12399 | Elf:1    | Noticed a Brimstone Fiend
 12414 | Elf:1    | Noticed a Brimstone Fiend
 12663 | Elf:1    | Killed a deep elf demonologist
 13042 | Elf:2    | Reached skill level 1 in Evocations
 13046 | Elf:2    | Reached XP level 15. HP: 70/74 MP: 17/22
 13068 | Elf:2    | Received a gift from Okawaru
 13071 | Elf:2    | Found a runed gate.
 13071 | Elf:2    | Found a runed gate.
 13071 | Elf:2    | Found a runed gate.
 13092 | Elf:2    | Got a pair of bloodstained boots {god gift}
 13098 | Elf:2    | Identified the +2 pair of boots of Hivaa {Str+2} (Okawaru gifted it to you on level 2 of the Elven Halls)
 13198 | Elf:2    | Noticed a deep elf elementalist
 13217 | Elf:2    | Killed a deep elf elementalist
 13229 | Elf:2    | Noticed a sphinx
 13240 | Elf:2    | Paralysed by a sphinx for 6 turns
 13245 | Elf:2    | Killed from afar by a fire dragon

Vault maps used:
D:1:      dpeg_arrival_tiny_c, hangedman_decor_growths, minmay_ruptured
D:2:      lemuel_coloured_pillars_altar, lemuel_round_altar,
          nicolae_overflow_hidden_temple
D:3:      first_ration
D:4:      hangedman_glass_teeth, uniq_sigmund
D:5:      serial_shops, kennysheep_little_box
D:6:      minmay_temple_entry_enclosed_plants
D:7:      demons_altar, dancing_weapons_uskayaw, serial_shops,
          kennysheep_mini_moat
D:8:      cheibrodos_ideogram_h, grunt_temple_overflow_open,
          grunt_dithmenos_smoke, uniq_joseph
D:9:      lemuel_round_altar, kennysheep_mini
D:10:     dpeg_oklobed_lair, basic_altar, uniq_nergalle, uniq_grum
Temple:   minmay_temple_curvy_loop
Orc:2:    pubby_orc_utopia, serial_shops, uniq_snorg
Elf:1:    orc_legates
Elf:2:    special_room, item_on_display_a

Skill      XL: |  1  2  3  4  5  6  7  8  9 10 11 12 13 14 15 |
---------------+----------------------------------------------+-----
Short Blades   | 3 4 5 6 7 8 |  8.0
Throwing       | 3 7 10 | 10.0
Armour         | 2 5 6 7 9 |  9.4
Dodging        | 5 6 7 9 |  9.3
Fighting       | 3 4 5 6 |  6.7
Shields        | 6 8 9 |  9.8
Invocations    | 8 9 |  9.0
Stealth        | 6 8 |  8.0
Evocations     | 2 4 |  4.7

Action                   |  1- 3 |  4- 6 |  7- 9 | 10-12 | 13-15 || total
-------------------------+-------+-------+-------+-------+-------++-------
Melee: Rapier            |    84 |    30 |       |       |       ||   114
       Bite              |    15 |    29 |   154 |   554 |   467 ||  1219
       Dagger            |       |    71 |   407 |  1162 |       ||  1640
       Quick blade       |       |       |       |    24 |  1030 ||  1054
 Fire: Blowgun           |       |       |       |     8 |    13 ||    21
Throw: Throwing net      |       |       |       |     3 |       ||     3
Invok: Heroism           |       |       |       |     2 |     2 ||     4
 Abil: Evoke Invisibilit |       |       |       |       |     7 ||     7
Evoke: Lamp of fire      |       |       |       |       |     1 ||     1
  Use: Scroll            |       |     8 |     2 |    12 |     2 ||    24
       Potion            |       |     1 |       |     4 |       ||     5
 Stab: Sleeping          |     1 |       |       |    12 |    21 ||    34
       Held in net/web   |       |       |       |     4 |       ||     4
       Paralysed         |       |       |       |    14 |     7 ||    21
       Invisible         |       |       |       |       |    11 ||    11
       Distracted        |       |       |       |       |     3 ||     3
  Eat: Chunk             |     2 |     2 |     7 |    19 |    15 ||    45
Armor: Leather armour    |    14 |       |       |       |       ||    14
       Ring mail         |     2 |    29 |    76 |   250 |    69 ||   426
Dodge: Dodged            |    51 |    51 |   141 |   397 |   125 ||   765
Block: Large shield      |       |       |       |   597 |   331 ||   928

Table legend:
 A = Spawn XP
 B = Non-spawn XP
 C = Spawn XP percentage of total XP
 D = Spawn monster count
 E = Non-spawn monster count
 F = Spawn count percentage of total count
 G = Total turns spent on level
                    A         B        C        D         E        F      G
               +---------+---------+-------+---------+---------+-------+---------
         Total |       0 |   93219 |   0.0 |       0 |     535 |   0.0 | 13245
               +---------+---------+-------+---------+---------+-------+---------
           D:1 |       0 |      23 |   0.0 |       0 |      15 |   0.0 |   646
           D:2 |       0 |      31 |   0.0 |       0 |      14 |   0.0 |   501
           D:3 |       0 |     252 |   0.0 |       0 |      32 |   0.0 |   828
           D:4 |       0 |     694 |   0.0 |       0 |      27 |   0.0 |   735
           D:5 |       0 |     801 |   0.0 |       0 |      12 |   0.0 |   476
           D:6 |       0 |    2422 |   0.0 |       0 |      33 |   0.0 |   771
           D:7 |       0 |    1429 |   0.0 |       0 |      27 |   0.0 |   733
           D:8 |       0 |    4894 |   0.0 |       0 |      51 |   0.0 |  1169
           D:9 |       0 |    4174 |   0.0 |       0 |      29 |   0.0 |   836
          D:10 |       0 |    3964 |   0.0 |       0 |      44 |   0.0 |   950
         Orc:1 |       0 |    2898 |   0.0 |       0 |      21 |   0.0 |   564
         Orc:2 |       0 |   23219 |   0.0 |       0 |     144 |   0.0 |  2524
         Elf:1 |       0 |   39578 |   0.0 |       0 |      75 |   0.0 |  2064
         Elf:2 |       0 |    8840 |   0.0 |       0 |      11 |   0.0 |   218
               +---------+---------+-------+---------+---------+-------+---------
